 Dungeon Crawl Stone Soup version 0.26.1-11-gd32895ea62 (webtiles) character file.

Game seed: 4454630679230888789

1629 nothank2 the Insei (level 8, 0/61 HPs)
             Began as a Gnoll Transmuter on June 24, 2021.
             Was a Believer of Sif Muna.
             Slain by a bullfrog (5 damage)
             ... on level 6 of the Dungeon.
             The game lasted 00:16:42 (6826 turns).

nothank2 the Insei (Gnoll Transmuter)               Turns: 6826, Time: 00:16:43

Health: 0/61       AC:  2    Str: 13    XL:     8   Next: 97%
Magic:  17/17      EV: 16    Int: 17    God:    Sif Muna [**....]
Gold:   252        SH:  8    Dex: 16    Spells: 12/19 levels left

rFire    . . .     SeeInvis .   c - +4 short sword
rCold    . . .     Faith    .   m - +3 buckler
rNeg     . . .     Spirit   .   a - +0 robe
rPois    .         Reflect  .   (no helmet)
rElec    .         Harm     .   (no cloak)
rCorr    .         Rampage  .   (no gloves)
Will     +....                  (no boots)
Stlth    ++++......             (no amulet)
HPRegen  0.20/turn              g - ring of stealth
MPRegen  0.15/turn              o - ring of willpower

@: no status effects
A: distributed training, fangs 1, strong nose
a: Renounce Religion, Channel Magic


You were on level 6 of the Dungeon.
You worshipped Sif Muna.
Sif Muna was pleased with you.
You visited 1 branch of the dungeon, and saw 7 of its levels.

You collected 252 gold pieces.

Inventory:

Hand Weapons
 c - a +4 short sword (weapon)
 j - a +1 vorpal mace
 v - a +0 morningstar
 z - a +2 trident of distortion
Armour
 a - a +0 robe (worn)
 m - a +3 buckler (worn)
Jewellery
 g - a ring of stealth (left hand)
 o - a ring of willpower (right hand)
Scrolls
 e - 2 scrolls of remove curse
 f - 2 scrolls of teleportation
 k - 3 scrolls of identify
 q - a scroll of immolation {unknown}
 r - 2 scrolls of magic mapping
 w - a scroll of fear
 x - a scroll of random uselessness
 y - a scroll of blinking
Potions
 b - a potion of ambrosia
 d - a potion of resistance {unknown}
 h - a potion of invisibility {unknown}
 i - a potion of heal wounds {unknown}
 l - 2 potions of lignification
 n - a potion of haste {unknown}
 p - a potion of flight {unknown}
 s - a potion of brilliance {unknown}
 t - a potion of degeneration {unknown}
 u - a potion of attraction {unknown}


   Skills:
 + Level 4.6 Fighting
 + Level 3.7 Short Blades
 + Level 3.7 Long Blades
 + Level 3.7 Axes
 + Level 3.7 Maces & Flails
 + Level 3.7 Polearms
 + Level 3.7 Staves
 + Level 3.7 Slings
 + Level 3.7 Bows
 + Level 3.7 Crossbows
 + Level 3.7 Throwing
 + Level 3.7 Armour
 + Level 6.0 Dodging
 + Level 3.7 Stealth
 + Level 3.7 Shields
 + Level 7.6 Unarmed Combat
 + Level 6.3 Spellcasting
 + Level 3.0 Conjurations
 + Level 3.0 Hexes
 + Level 3.0 Summonings
 + Level 3.0 Necromancy
 + Level 3.0 Translocations
 + Level 4.9 Transmutations
 + Level 3.0 Fire Magic
 + Level 3.0 Ice Magic
 + Level 3.0 Air Magic
 + Level 3.0 Earth Magic
 + Level 3.0 Poison Magic
 + Level 4.1 Invocations
 + Level 3.7 Evocations


You had 12 spell levels left.
You knew the following spells:

 Your Spells              Type           Power        Failure   Level
a - Beastly Appendage     Tmut           44%          1%          1
b - Spider Form           Tmut/Pois      9%           8%          3
c - Frozen Ramparts       Ice            30%          11%         3

Your spell library contained the following spells:

 Spells                   Type           Power        Failure   Level
 Wereblood                Tmut           22%          2%          2
 Freeze                   Ice            60%          3%          1
 Ozocubu's Armour         Ice            15%          11%         3
 Ice Form                 Ice/Tmut       19%          24%         4
 Hailstorm                Conj/Ice       15%          36%         4
 Summon Ice Beast         Ice/Summ       15%          36%         4
 Blade Hands              Tmut           11%          43%         5


Dungeon Overview and Level Annotations

Branches:
Dungeon (7/15)
 Temple: D:4-7

Altars:
Sif Muna

Annotations:
D:3 3 runed translucent doors, Dillybarz's ghost, amateur BaFi
D:5 3 runed translucent doors, ubername's ghost, novice DsMo


Innate Abilities, Weirdness & Mutations

Your experience applies equally to all skills.
You have very sharp teeth.
Your uncanny sense of smell can sniff out nearby items.


Message History

The magic dart hits you.
* * * LOW HITPOINT WARNING * * *
The bullfrog barely misses you. The bullfrog hits you!
* * * LOW HITPOINT WARNING * * *
The bullfrog barely misses you. The bullfrog barely misses you.
The bullfrog closely misses you. The bullfrog hits you.
* * * LOW HITPOINT WARNING * * *
You block the bullfrog's attack. You block the bullfrog's attack.
The orc wizard gestures wildly while chanting.
The orc wizard blinks!
The bullfrog misses you. You block the bullfrog's attack.
You block the bullfrog's attack. The bullfrog barely misses you.
You block the bullfrog's attack.
There is an escape hatch in the ceiling here.
You block the bullfrog's attack. The bullfrog hits you.
You die...

#.......# #.......#
#.......# #.......#
#[## #o......#
##..###B##o##.#####
.#.#.##.##........#
......#.#####.###.##
.....##...oo..oF@..# #
......######..B....#.#
.....#.....o.........#
.>.....###.#.......###
.....#.##...)......#
.......###.#########
.#.#.####...# #..###
#...# #.## #)..#


You could see an orc warrior, a bullfrog, 2 orc wizards, an orc (wandering) and
a giant cockroach.

Vanquished Creatures
  A gargoyle (D:6)
  2 orc warriors
  2 phantoms (D:4)
  3 ogres
  A necrophage (D:5)
  2 bullfrogs (D:6)
  2 scorpions
  A bullfrog zombie (D:5)
  A jelly (D:6)
  2 hounds
  A worker ant (D:5)
  3 orc wizards
  6 adders
  A white imp (D:3)
  An ufetubus (D:5)
  An ooze (D:4)
  An adder skeleton (D:4)
  A worm (D:2)
  3 dart slugs
  4 leopard geckos
  15 orcs
  9 bats
  6 giant cockroaches
  6 goblins
  10 hobgoblins
  4 jackals (D:5)
  8 kobolds
  5 quokkas
  A ball python (D:2)
  6 frilled lizards
  9 rats
118 creatures vanquished.

Notes
Turn   | Place    | Note
-------+----------+-------------------------------------------
     0 | D:1      | nothank2 the Gnoll Transmuter began the quest for the Orb.
     0 | D:1      | Reached XP level 1. HP: 17/17 MP: 6/6
    65 | D:1      | Reached XP level 2. HP: 21/23 MP: 5/7
   500 | D:1      | Reached XP level 3. HP: 28/28 MP: 9/9
   718 | D:1      | Reached skill level 5 in Spellcasting
  1057 | D:2      | Reached skill level 1 in Invocations
  1249 | D:2      | Reached skill level 1 in Short Blades
  1249 | D:2      | Reached skill level 1 in Long Blades
  1249 | D:2      | Reached skill level 1 in Axes
  1249 | D:2      | Reached skill level 1 in Maces & Flails
  1249 | D:2      | Reached skill level 1 in Polearms
  1249 | D:2      | Reached skill level 1 in Staves
  1249 | D:2      | Reached skill level 1 in Slings
  1249 | D:2      | Reached skill level 1 in Bows
  1249 | D:2      | Reached skill level 1 in Crossbows
  1249 | D:2      | Reached skill level 1 in Throwing
  1249 | D:2      | Reached skill level 1 in Armour
  1249 | D:2      | Reached skill level 1 in Stealth
  1249 | D:2      | Reached skill level 1 in Shields
  1249 | D:2      | Reached skill level 1 in Evocations
  1523 | D:2      | Reached XP level 4. HP: 34/34 MP: 11/11
  1911 | D:2      | Found a shimmering blue altar of Sif Muna.
  1998 | D:2      | Became a worshipper of Sif Muna the Loreminder
  2269 | D:3      | Reached skill level 1 in Conjurations
  2269 | D:3      | Reached skill level 1 in Hexes
  2269 | D:3      | Reached skill level 1 in Summonings
  2269 | D:3      | Reached skill level 1 in Necromancy
  2269 | D:3      | Reached skill level 1 in Translocations
  2269 | D:3      | Reached skill level 1 in Fire Magic
  2269 | D:3      | Reached skill level 1 in Ice Magic
  2269 | D:3      | Reached skill level 1 in Air Magic
  2269 | D:3      | Reached skill level 1 in Earth Magic
  2269 | D:3      | Reached skill level 1 in Poison Magic
  2384 | D:3      | Reached XP level 5. HP: 12/40 MP: 12/12
  2394 | D:3      | Reached * piety under Sif Muna
  2703 | D:3      | Learned a level 3 spell: Spider Form
  2741 | D:3      | Found a runed translucent gate.
  2741 | D:3      | Found a runed translucent gate.
  2741 | D:3      | Found a runed translucent gate.
  2741 | D:3      | Noticed Dillybarz's ghost (amateur BaFi)
  3225 | D:3      | HP: 1/40 [white imp (4)]
  3890 | D:4      | Reached XP level 6. HP: 46/47 MP: 13/13
  3937 | D:4      | Noticed a phantom
  3963 | D:4      | Killed a phantom
  3964 | D:4      | Reached skill level 5 in Dodging
  4494 | D:4      | Noticed a phantom
  4517 | D:4      | Killed a phantom
  4518 | D:4      | Reached skill level 7 in Unarmed Combat
  4518 | D:4      | Reached XP level 7. HP: 25/52 MP: 15/15
  4870 | D:5      | Entered Level 5 of the Dungeon
  4887 | D:5      | Noticed ubername's ghost (novice DsMo)
  4896 | D:5      | Found a runed translucent gate.
  5070 | D:5      | Reached ** piety under Sif Muna
  5187 | D:5      | Learned a level 3 spell: Frozen Ramparts
  5345 | D:5      | Reached XP level 8. HP: 22/60 MP: 14/16
  5914 | D:5      | Found a runed translucent gate.
  5914 | D:5      | Found a runed translucent gate.
  6086 | D:6      | Noticed a gargoyle
  6101 | D:6      | HP: 1/60 [gargoyle/stone arrow (26)]
  6428 | D:6      | Killed a gargoyle
  6812 | D:6      | HP: 2/61 [bullfrog (6)]
  6826 | D:6      | Slain by a bullfrog

Illustrated notes

Levels and vault maps discovered:
D:1:      dpeg_arrival_tiny_a, layout_basic, minmay_misc_feat_alley
D:2:      layout_basic, led_sif_pool
D:3:      layout_loops_ring, ebering_ghost_rock_garden
D:4:      layout_cave_pools
D:5:      layout_cave_pools, gammafunk_ghost_split
D:6:      layout_loops_cross, basic_altar, grunt_ministairs_3, st_stairs_4,
          grunt_ashenzari_visionary [grunt_ashenzari_visionary_shoals,
          grunt_ashenzari_visionary_spider]
D:7:      minmay_the_grid_plus_closed [minmay_the_grid_large_cup,
          minmay_the_grid_embedded, minmay_the_grid_aliased_spiral,
          minmay_the_grid_outer_circle, minmay_the_grid_prize_big_room],
          layout_gridville, grunt_temple_overflow_open, temple_statues

Skill      XL: |  1  2  3  4  5  6  7  8 |
---------------+-------------------------+-----
Spellcasting   | 5 6 |  6.3
Invocations    | 1 2 3 4 |  4.1
Short Blades   | 1 2 3 |  3.7
Long Blades    | 1 2 3 |  3.7
Axes           | 1 2 3 |  3.7
Maces & Flails | 1 2 3 |  3.7
Polearms       | 1 2 3 |  3.7
Staves         | 1 2 3 |  3.7
Slings         | 1 2 3 |  3.7
Bows           | 1 2 3 |  3.7
Crossbows      | 1 2 3 |  3.7
Throwing       | 1 2 3 |  3.7
Armour         | 1 2 3 |  3.7
Stealth        | 1 2 3 |  3.7
Shields        | 1 2 3 |  3.7
Evocations     | 1 2 3 |  3.7
Conjurations   | 1 2 3 |  3.0
Hexes          | 1 2 3 |  3.0
Summonings     | 1 2 3 |  3.0
Necromancy     | 1 2 3 |  3.0
Translocations | 1 2 3 |  3.0
Fire Magic     | 1 2 3 |  3.0
Ice Magic      | 1 2 3 |  3.0
Air Magic      | 1 2 3 |  3.0
Earth Magic    | 1 2 3 |  3.0
Poison Magic   | 1 2 3 |  3.0
Fighting       | 3 4 |  4.6
Transmutations | 4 |  4.9
Dodging        | 5 6 |  6.0
Unarmed Combat | 7 |  7.6

Action                   |  1- 3 |  4- 6 |  7- 9 || total
-------------------------+-------+-------+-------++-------
Melee: Unarmed           |    24 |     6 |    46 ||    76
       Kick              |     4 |    12 |    22 ||    38
       Headbutt          |     2 |    10 |    21 ||    33
       Short sword       |    57 |   189 |    80 ||   326
       Bite              |     5 |    17 |    11 ||    33
       Punch             |     2 |     1 |       ||     3
 Cast: Beastly Appendage |     7 |     6 |     6 ||    19
       Spider Form       |       |     2 |     8 ||    10
  Use: Scroll            |     3 |       |     8 ||    11
 Stab: Sleeping          |     2 |    11 |       ||    13
       Distracted        |     1 |       |       ||     1
Armor: Robe              |    11 |     9 |     5 ||    25
       Skin              |       |     2 |     2 ||     4
Dodge: Dodged            |    64 |    95 |   102 ||   261
Block: Buckler           |       |    31 |    44 ||    75
